 Dungeon Crawl Stone Soup version 0.28.0-43-g3370ac3207 (webtiles) character file.

Game seed: 7609823959671225513

97 tizbic2 the Gusty (level 4, 0/24 HPs)
             Began as a Tengu Air Elementalist on Mar 5, 2022.
             Slain by a phantom (2 damage)
             ... on level 3 of the Dungeon.
             The game lasted 00:11:47 (3116 turns).

tizbic2 the Gusty (Tengu Air Elementalist)          Turns: 3116, Time: 00:11:48

Health: 0/24       AC:  3    Str: 10    XL:     4   Next: 68%
Magic:  9/9        EV: 12    Int: 16    God:
Gold:   41         SH:  0    Dex: 14    Spells: 1/8 levels left

rFire   . . .      SeeInvis .   q - +1 mace (vorpal)
rCold   . . .      Faith    .   (no shield)
rNeg    . . .      Spirit   .   r - +0 leather armour
rPois   .          Reflect  .   (helmet restricted)
rElec   .          Harm     .   (no cloak)
rCorr   .          Rampage  .   (no gloves)
Will    .....                   (boots unavailable)
Stlth   ++........              (no amulet)
HPRegen 0.08/turn               (no ring)
MPRegen 0.11/turn               (no ring)

@: attractive
A: beak, talons 3, mutation resistance 1
a: no special abilities


You were on level 3 of the Dungeon.
You visited 1 branch of the dungeon, and saw 3 of its levels.

You collected 41 gold pieces.

Inventory:

Hand Weapons
 i - a +0 dagger of draining
 l - a +0 quarterstaff
 q - a +1 vorpal mace (weapon)
Missiles
 e - 69 stones
 m - 21 bolts
Armour
 a - a +0 robe
 k - a +0 chain mail
 r - a +0 leather armour (worn)
Jewellery
 n - a ring of ice
Wands
 s - a wand of flame (19)
Scrolls
 b - a scroll of identify {unknown}
 c - a scroll of amnesia {unknown}
 d - a scroll of vulnerability
 o - a scroll of noise {unknown}
 p - a scroll of magic mapping {unknown}
Potions
 f - a potion of magic
 j - a potion of brilliance {unknown}


   Skills:
 - Level 0.8 Short Blades
 + Level 0.5 Maces & Flails
 - Level 2.1 Dodging
 - Level 2.0 Stealth
 + Level 2.6 Spellcasting
 + Level 2.9 Conjurations
 * Level 5.5 Air Magic


You had one spell level left.
You knew the following spells:

 Your Spells              Type           Power      Damage    Failure   Level
a - Shock                 Conj/Air       60%        1d6       4%          1
b - Static Discharge      Conj/Air       15%        N/A       7%          2
c - Airstrike             Air            9%         N/A       26%         4

Your spell library contained the following spells:

 Spells                   Type           Power      Damage    Failure   Level
 Swiftness                Air            19%        N/A       9%          3


Dungeon Overview and Level Annotations

Branches:
Dungeon (3/15)

Altars:


Innate Abilities, Weirdness & Mutations

You have a beak for a mouth.
You have claws for feet.
You are somewhat resistant to further mutation.


Message History

Press: ? - help, Shift-Dir - straight line, f - frilled lizard, p - phantom
Aim: a frilled lizard (53% to hit)
The zap hits the phantom.
The phantom is lightly damaged.
The zap hits the frilled lizard.
You kill the frilled lizard!
You open the door.
There is an open door here.
Casting: Shock (safe; 4% risk of failure)
Confirm with . or Enter, or press ? or * to list all spells.
The phantom is struck by an arc of lightning!
The phantom is moderately damaged.
You are struck by an arc of lightning.
The lightning grounds out.
The phantom closely misses you.
Casting: Static Discharge (safe; 7% risk of failure)
Confirm with . or Enter, or press ? or * to list all spells.
The phantom is struck by an arc of lightning!
The phantom is heavily damaged.
You are struck by an arc of lightning.
The lightning grounds out.
The phantom hits you.
The phantom blinks!
You blink.
You closely miss the phantom. You claw the phantom.
The phantom is severely damaged.
The phantom hits you.
You miss the phantom. Your peck misses the phantom.
The phantom is severely damaged.
The phantom closely misses you.
You hit the phantom.
The phantom is almost destroyed.
The phantom hits you!
* * * LOW HITPOINT WARNING * * *
The phantom blinks!
You blink.
The phantom barely misses you.
It was a potion of magic.
Magic courses through your body. The phantom misses you.
It was a potion of attraction.
You feel attractive to monsters. The phantom closely misses you.
It was a potion of mutation.
You feel extremely strange.
You feel genetically stable. The phantom hits you.
You die...

######## #......#
#......# ######.W....#
########
#.....@.....####.......
#......................
#...............†......
#...##.............####
#...##.............####
#...'.................'
#...#####.......#######
#>......'.......# #
#.#######.......# #


You could see a phantom.

Vanquished Creatures
  3 adders
  2 dart slugs
  4 bats (D:1)
  7 endoplasms
  3 giant cockroaches
  6 goblins
  9 hobgoblins
  4 jackals (D:2)
  A quokka (D:1)
  4 ball pythons
  5 frilled lizards
  7 kobolds
  3 rats
58 creatures vanquished.

Notes
Turn   | Place    | Note
-------+----------+-------------------------------------------
     0 | D:1      | tizbic2 the Tengu Air Elementalist began the quest for the
                  | Orb.
     0 | D:1      | Reached XP level 1. HP: 10/10 MP: 4/4
   254 | D:1      | Reached XP level 2. HP: 15/15 MP: 6/6
   467 | D:1      | Learned a level 2 spell: Static Discharge
   709 | D:1      | Found a faded altar of an unknown god.
   814 | D:1      | Reached XP level 3. HP: 19/19 MP: 7/7
  1251 | D:2      | Reached skill level 5 in Air Magic
  2196 | D:2      | Reached XP level 4. HP: 12/24 MP: 4/8
  2811 | D:3      | Learned a level 4 spell: Airstrike
  3082 | D:3      | Noticed a phantom
  3116 | D:3      | Gained mutation: You are somewhat resistant to further
                  | mutation. [potion of mutation]
  3116 | D:3      | Slain by a phantom

Illustrated notes

Levels and vault maps discovered:
D:1:      heliophobic_arrival_henge, layout_loops_ring, basic_ecumenical_altar
D:2:      wad_crossroads, layout_basic
D:3:      layout_basic, lemuel_another_geyser, uniq_natasha

Skill      XL: |  1  2  3 |
---------------+----------+-----
Conjurations   | 2 |  2.9
Air Magic      | 5 |  5.5
Short Blades   | |  0.8
Maces & Flails | |  0.5
Dodging        | |  2.1
Stealth        | |  2.0
Spellcasting   | |  2.6

Action                   |  1- 3 |  4- 6 || total
-------------------------+-------+-------++-------
Melee: Unarmed           |    10 |       ||    10
       Kick              |    18 |     2 ||    20
       Dagger            |    62 |     4 ||    66
       Peck              |    10 |     2 ||    12
       Mace              |       |    15 ||    15
 Cast: Shock             |     7 |     6 ||    13
       Static Discharge  |    11 |     4 ||    15
       Airstrike         |       |     1 ||     1
  Use: Scroll            |     1 |     1 ||     2
       Potion            |       |     3 ||     3
 Stab: Sleeping          |     4 |     3 ||     7
Armor: Robe              |    17 |       ||    17
Dodge: Dodged            |    44 |    18 ||    62
